AoeStats
← Jamdalf

Arena

509303600Analyzed
1v1 RM · 6d ago on Sep 26, 2026· 43m 2s· 2 players
Game mode
Random Map
Map size
Tiny (2 player)
Population
200
Speed
Normal
Resources
Standard
Victory
Conquest
Starting age
Dark Age
Ending age
Imperial Age
RankedLock teamsTeams togetherTeam positionsShared explorationLock speedFull tech treeHidden civsTurbo modeCheats
Victory
Defeat
🇦🇺 Hindustanis · Australia
1027
+18
🇨🇳 Bohemians · China
1061
-18
广域静默
10:22 Feudal Age
11:20 Double-Bit Axe
15:27 Castle Age
15:15 Horse Collar
23:24 Forging
25:35 Chemistry
26:10 Light Cavalry
29:02 Iron Casting
30:33 Bow Saw
32:45 Heavy Plow
36:15 Imperial Age
34:14 Scale Mail Armor
34:05 Fletching
34:14 Fletching
34:50 Ballistics
36:28 Wheelbarrow
35:39 Town Watch
38:40 Conscription
38:34 Hussite Reforms
40:25 Wagenburg Tactics
40:21 Herbal Medicine
40:44 Block Printing
41:05 Theocracy
40:56 Heresy
40:58 Sanctity
40:51 Redemption
40:44 Atonement
40:55 Fervor
40:51 Devotion
41:18 Illumination
Jamdalf
10:26 Feudal Age
15:16 Castle Age
15:39 Stone Mining
15:50 Loom
16:13 Double-Bit Axe
16:14 Horse Collar
17:56 Gold Mining
19:26 Forging
19:17 Scale Mail Armor
25:46 Squires
27:51 Iron Casting
27:32 Chain Mail Armor
31:30 Gold Shaft Mining
31:50 Wheelbarrow
31:34 Bow Saw
31:25 Heavy Plow
35:24 Imperial Age
33:11 Fletching
34:12 Hand Cart
37:12 Chemistry
36:15 Padded Archer Armor
37:33 Conscription
38:52 Shatagni
39:44 Bodkin Arrow
40:04 Leather Archer Armor
40:54 Blast Furnace
41:36 Siege Engineers
42:24 Ring Archer Armor
Connection lost

Rejoining the realm…

Still unreachable

The connection could not be restored.

Session expired

The server has moved on; the page needs a fresh start.